MLB
CLEVELAND INDIANS @ KANSAS CITY ROYALS
08/21/2020
 
TOP OF THE 1ST
Cleveland Indians batting - Pitching for Kansas City Royals : RHP Corbin Burnes
Pitching: RHP Corbin Burnes
Batting: SHB Jose Ramirez 0-0: SOLO HOME RUN (Flyball, 89XD, EV 100.0 MPH), Distance : 414 ft
Batting: RHB Marcus Semien 0-0: Ball
1-0: Foul Ball, location: 2F
1-1: Called Strike
1-2: Ball
2-2: Fly out, F8 (Line Drive, 78M, EV 105.6 MPH)
Batting: LHB Christian Yelich 0-0: DOUBLE (Line Drive, 78D, EV 111.9 MPH)
Batting: LHB Rafael Devers 0-0: Called Strike
0-1: Called Strike
0-2: Strikes out swinging
Batting: RHB Josh Donaldson 0-0: Swinging Strike
0-1: Called Strike
0-2: Ball
1-2: Ball
2-2: Strikes out swinging
Top of the 1st over - 1 run, 2 hits, 0 errors, 1 left on base; Cleveland 1 - Kansas City 0
BOTTOM OF THE 1ST
Kansas City Royals batting - Pitching for Cleveland Indians : RHP Kyle Hendricks
Pitching: RHP Kyle Hendricks
Batting: LHB Jesse Winker 0-0: Foul Ball, location: 2F
0-1: Ball
1-1: Foul Ball, location: 2F
1-2: Ground out 4-3 (Groundball, 4, EV 99.4 MPH)
Batting: RHB Manuel Margot 0-0: Ball
1-0: Foul Ball, location: 2F
1-1: Fly out, F4 (Popup, 4, EV 51.3 MPH)
Batting: LHB Anthony Rizzo 0-0: Called Strike
0-1: Ball
1-1: Ball
2-1: Ground out U3 (Groundball, 34S, EV 68.1 MPH)
Bottom of the 1st over - 0 runs, 0 hits, 0 errors, 0 left on base; Cleveland 1 - Kansas City 0
TOP OF THE 2ND
Cleveland Indians batting - Pitching for Kansas City Royals : RHP Corbin Burnes
Batting: LHB Matt Carpenter 0-0: Ball
1-0: Ball
2-0: Ball
3-0: Foul Ball, location: 2F
3-1: Foul Ball, location: 2F
3-2: Foul Ball, location: 2F
3-2: Base on Balls
Batting: RHB Kevin Pillar 0-0: Called Strike
0-1: Swinging Strike
0-2: Strikes out swinging
Batting: RHB Marcell Ozuna 0-0: Called Strike
0-1: Ball
1-1: Called Strike
1-2: Ball
2-2: Foul Ball, location: 2F
2-2: Strikes out swinging
Batting: LHB Stephen Vogt 0-0: Called Strike
0-1: Called Strike
0-2: Ball
1-2: Ball
2-2: Foul Ball, location: 2F
2-2: Ball
3-2: Foul Ball, location: 2F
3-2: Foul Ball, location: 2F
3-2: Base on Balls
Matt Carpenter to second
Batting: SHB Jose Ramirez 0-0: Fly out, F8 (Flyball, 89S, EV 96.9 MPH)
Top of the 2nd over - 0 runs, 0 hits, 0 errors, 2 left on base; Cleveland 1 - Kansas City 0
BOTTOM OF THE 2ND
Kansas City Royals batting - Pitching for Cleveland Indians : RHP Kyle Hendricks
Batting: RHB Nolan Arenado 0-0: Ball
1-0: Ball
2-0: Called Strike
2-1: Ball
3-1: Ground out 6-3 (Groundball, 6, EV 93.8 MPH)
Batting: LHB Trent Grisham 0-0: Ball
1-0: Swinging Strike
1-1: Ball
2-1: Foul Ball, location: 2F
2-2: Ground out 6-3 (Groundball, 6, EV 87.5 MPH)
Batting: RHB Howie Kendrick 0-0: Ball
1-0: Fly out, F9 (Flyball, 89M, EV 92.5 MPH)
Bottom of the 2nd over - 0 runs, 0 hits, 0 errors, 0 left on base; Cleveland 1 - Kansas City 0
TOP OF THE 3RD
Cleveland Indians batting - Pitching for Kansas City Royals : RHP Corbin Burnes
Batting: RHB Marcus Semien 0-0: Called Strike
0-1: Swinging Strike
0-2: Ball
1-2: Ball
2-2: Foul Ball, location: 2F
2-2: Foul Ball, location: 2F
2-2: Foul Ball, location: 2F
2-2: Strikes out looking
Batting: LHB Christian Yelich 0-0: SINGLE (Groundball, 6D, EV 108.8 MPH)
Batting: LHB Rafael Devers 0-0: SINGLE (Groundball, 4S, EV 67.5 MPH) (infield hit)
Christian Yelich to second
Batting: RHB Josh Donaldson 0-0: Called Strike
0-1: Ball
1-1: Called Strike
1-2: Ball
2-2: Strikes out swinging
Batting: LHB Matt Carpenter 0-0: Foul Ball, location: 2F
0-1: Ball
1-1: Foul Ball, location: 2F
1-2: Foul Ball, location: 2F
1-2: Ball
2-2: Ball
3-2: Fly out, F7 (Line Drive, 7D, EV 102.5 MPH)
Top of the 3rd over - 0 runs, 2 hits, 0 errors, 2 left on base; Cleveland 1 - Kansas City 0
BOTTOM OF THE 3RD
Kansas City Royals batting - Pitching for Cleveland Indians : RHP Kyle Hendricks
Batting: SHB Jurickson Profar 0-0: Ball
1-0: Called Strike
1-1: Called Strike
1-2: Foul Ball, location: 2F
1-2: Strikes out looking
Batting: RHB Dansby Swanson 0-0: Foul Ball, location: 2F
0-1: Ground out 6-3 (Groundball, 6S, EV 81.9 MPH)
Batting: RHB Curt Casali 0-0: Called Strike
0-1: Ball
1-1: Ball
2-1: Ball
3-1: Called Strike
3-2: DOUBLE (Groundball, 5L, EV 100.6 MPH)
Batting: LHB Jesse Winker 0-0: SINGLE (Groundball, 3D, EV 101.3 MPH)
Curt Casali to third
Runner from 3rd tries for Home, SAFE, throw by RF to home
Jesse Winker to second
Batting: RHB Manuel Margot 0-0: Fly out, F4 (Line Drive, 4, EV 65.0 MPH)
Bottom of the 3rd over - 1 run, 2 hits, 0 errors, 1 left on base; Cleveland 1 - Kansas City 1
TOP OF THE 4TH
Cleveland Indians batting - Pitching for Kansas City Royals : RHP Corbin Burnes
Batting: RHB Kevin Pillar 0-0: Called Strike
0-1: Foul Ball, location: 2F
0-2: Ground out 6-3 (Groundball, 6, EV 105.6 MPH)
Batting: RHB Marcell Ozuna 0-0: Called Strike
0-1: DOUBLE (Line Drive, 8LXD, EV 103.1 MPH)
Batting: LHB Stephen Vogt 0-0: Called Strike
0-1: Foul Ball, location: 2F
0-2: Strikes out looking
Batting: SHB Jose Ramirez 0-0: Swinging Strike
0-1: Foul Ball, location: 2F
0-2: Foul Ball, location: 2F
0-2: Foul Ball, location: 2F
0-2: Foul Ball, location: 2F
0-2: Ball
1-2: Ball
2-2: Ball
3-2: Foul Ball, location: 2F
3-2: Fly out, F8 (Line Drive, 8LD, EV 93.1 MPH)
Top of the 4th over - 0 runs, 1 hit, 0 errors, 1 left on base; Cleveland 1 - Kansas City 1
BOTTOM OF THE 4TH
Kansas City Royals batting - Pitching for Cleveland Indians : RHP Kyle Hendricks
Batting: LHB Anthony Rizzo 0-0: Called Strike
0-1: Foul Ball, location: 2F
0-2: SINGLE (Groundball, 6MD, EV 104.4 MPH)
Batting: RHB Nolan Arenado 0-0: Ball
1-0: Fly out, F9 (Flyball, 89XD, EV 105.6 MPH)
Batting: LHB Trent Grisham 0-0: Called Strike
0-1: Called Strike
0-2: Fly out, F7 (Flyball, 7, EV 88.1 MPH)
Batting: RHB Howie Kendrick 0-0: Ball
1-0: Ball
2-0: Ball
3-0: Called Strike
3-1: Fly out, F5 (Line Drive, 56, EV 81.3 MPH)
Bottom of the 4th over - 0 runs, 1 hit, 0 errors, 1 left on base; Cleveland 1 - Kansas City 1
TOP OF THE 5TH
Cleveland Indians batting - Pitching for Kansas City Royals : RHP Corbin Burnes
Pitching: RHP Cristian Javier
Batting: RHB Marcus Semien 0-0: Foul Ball, location: 2F
0-1: Called Strike
0-2: Strikes out swinging
Batting: LHB Christian Yelich 0-0: Called Strike
0-1: Ground out U3 (Groundball, 34S, EV 88.1 MPH)
Batting: LHB Rafael Devers 0-0: Called Strike
0-1: Foul Ball, location: 2F
0-2: Foul Ball, location: 2F
0-2: Foul Ball, location: 2F
0-2: Strikes out swinging
Top of the 5th over - 0 runs, 0 hits, 0 errors, 0 left on base; Cleveland 1 - Kansas City 1
BOTTOM OF THE 5TH
Kansas City Royals batting - Pitching for Cleveland Indians : RHP Kyle Hendricks
Batting: SHB Jurickson Profar 0-0: Ball
1-0: Ball
2-0: Called Strike
2-1: Hit by Pitch
Batting: RHB Dansby Swanson 0-0: Ball
1-0: Ball
2-0: Foul Ball, location: 2F
2-1: Called Strike
2-2: Ball
3-2: Grounds into double play, 6-4-3 (Groundball, 6, EV 98.8 MPH)
Batting: RHB Curt Casali 0-0: Called Strike
0-1: Ball
1-1: Foul Ball, location: 2F
1-2: Fly out, F8 (Flyball, 89XD, EV 104.4 MPH)
Bottom of the 5th over - 0 runs, 0 hits, 0 errors, 0 left on base; Cleveland 1 - Kansas City 1
TOP OF THE 6TH
Cleveland Indians batting - Pitching for Kansas City Royals : RHP Cristian Javier
Batting: RHB Josh Donaldson 0-0: Ball
1-0: Ball
2-0: Foul Ball, location: 2F
2-1: Ball
3-1: Base on Balls
Batting: LHB Matt Carpenter 0-0: Called Strike
0-1: Ball
1-1: Ball
2-1: Foul Ball, location: 2F
2-2: Foul Ball, location: 2F
2-2: Ball
3-2: 2-RUN HOME RUN (Flyball, 89XD, EV 95.6 MPH), Distance : 434 ft
Batting: RHB Kevin Pillar 0-0: Fly out, F7 (Line Drive, 7D, EV 111.9 MPH)
Batting: RHB Marcell Ozuna 0-0: Ball
1-0: Foul Ball, location: 2F
1-1: Foul Ball, location: 2F
1-2: Ball
2-2: Ball
3-2: Fly out, F3 (Popup, 3F, EV 71.3 MPH)
Batting: LHB Stephen Vogt 0-0: Ground out 6-3 (Groundball, 4M, EV 105.0 MPH)
Top of the 6th over - 2 runs, 1 hit, 0 errors, 0 left on base; Cleveland 3 - Kansas City 1
BOTTOM OF THE 6TH
Kansas City Royals batting - Pitching for Cleveland Indians : RHP Kyle Hendricks
Batting: LHB Jesse Winker 0-0: Called Strike
0-1: Foul Ball, location: 2F
0-2: Foul Ball, location: 2F
0-2: Strikes out looking
Batting: RHB Manuel Margot 0-0: Fly out, F8 (Flyball, 89D, EV 94.4 MPH)
Batting: LHB Anthony Rizzo 0-0: Fly out, F9 (Line Drive, 9, EV 103.1 MPH)
Bottom of the 6th over - 0 runs, 0 hits, 0 errors, 0 left on base; Cleveland 3 - Kansas City 1
TOP OF THE 7TH
Cleveland Indians batting - Pitching for Kansas City Royals : RHP Cristian Javier
Pitching: LHP Richard Lovelady
Batting: SHB Jose Ramirez 0-0: Ball
1-0: Swinging Strike
1-1: Swinging Strike
1-2: Ball
2-2: Ball
3-2: Fly out, F7 (Line Drive, 7, EV 85.0 MPH)
Batting: RHB Marcus Semien 0-0: Fly out, F5 (Line Drive, 5, EV 67.5 MPH)
Batting: LHB Christian Yelich 0-0: SINGLE (Line Drive, 6MD, EV 95.6 MPH)
Batting: LHB Rafael Devers 0-0: Ground out U3 (Groundball, 3L, EV 88.1 MPH)
Top of the 7th over - 0 runs, 1 hit, 0 errors, 1 left on base; Cleveland 3 - Kansas City 1
BOTTOM OF THE 7TH
Kansas City Royals batting - Pitching for Cleveland Indians : RHP Kyle Hendricks
Batting: RHB Nolan Arenado 0-0: Ground out 5-3 (Groundball, 56, EV 85.0 MPH)
Batting: LHB Trent Grisham 0-0: Ball
1-0: Ground out 6-3 (Groundball, 4M, EV 86.3 MPH)
Batting: RHB Howie Kendrick 0-0: Fly out, F9 (Flyball, 9LM, EV 98.8 MPH)
Bottom of the 7th over - 0 runs, 0 hits, 0 errors, 0 left on base; Cleveland 3 - Kansas City 1
TOP OF THE 8TH
Cleveland Indians batting - Pitching for Kansas City Royals : LHP Richard Lovelady
Batting: RHB Josh Donaldson 0-0: Called Strike
0-1: Ball
1-1: Ball
2-1: Called Strike
2-2: Ball
3-2: Fly out, F7 (Flyball, 7D, EV 96.3 MPH)
Batting: LHB Matt Carpenter 0-0: Ball
1-0: Foul Ball, location: 2F
1-1: Ball
2-1: Ball
3-1: Fly out, F9 (Line Drive, 9, EV 99.4 MPH)
Batting: RHB Kevin Pillar 0-0: Ball
1-0: Ball
2-0: Ground out 6-3 (Groundball, 6, EV 78.8 MPH)
Top of the 8th over - 0 runs, 0 hits, 0 errors, 0 left on base; Cleveland 3 - Kansas City 1
BOTTOM OF THE 8TH
Kansas City Royals batting - Pitching for Cleveland Indians : RHP Kyle Hendricks
Pitching: RHP Matt Barnes
Batting: SHB Jurickson Profar 0-0: Ball
1-0: Called Strike
1-1: Foul Ball, location: 2F
1-2: Foul Ball, location: 2F
1-2: Strikes out looking
Batting: RHB Dansby Swanson 0-0: Foul Ball, location: 2F
0-1: Foul Ball, location: 2F
0-2: SINGLE (Groundball, 4MD, EV 100.0 MPH)
Batting: RHB Curt Casali 0-0: Swinging Strike
0-1: Ball
1-1: Ball
2-1: Ball
3-1: Base on Balls
Dansby Swanson to second
Batting: LHB Jesse Winker 0-0: Ball
1-0: Swinging Strike
1-1: Ball
2-1: Foul Ball, location: 2F
2-2: Foul Ball, location: 2F
2-2: Foul Ball, location: 2F
2-2: Ball
3-2: Base on Balls
Dansby Swanson to third
Curt Casali to second
Batting: RHB Manuel Margot 0-0: Ball
1-0: Ball
2-0: Fly out, F9 (Flyball, 89M, EV 78.1 MPH)
Runner from 3rd tags up, SCORES, throw by RF
Batting: LHB Anthony Rizzo 0-0: Ball
1-0: Fly out, F8 (Flyball, 8RXD, EV 110.6 MPH)
Bottom of the 8th over - 1 run, 1 hit, 0 errors, 2 left on base; Cleveland 3 - Kansas City 2
TOP OF THE 9TH
Cleveland Indians batting - Pitching for Kansas City Royals : LHP Richard Lovelady
Pitching: LHP Taylor Guilbeau
Batting: RHB Marcell Ozuna 0-0: Called Strike
0-1: Ball
1-1: SINGLE (Flyball, 56D, EV 90.6 MPH)
Batting: LHB Stephen Vogt 0-0: Sac Bunt to 15S - play at first, batter OUT! 1-4
Marcell Ozuna to second
Batting: SHB Jose Ramirez 0-0: Ball
1-0: DOUBLE (Groundball, 5L, EV 105.6 MPH)
Marcell Ozuna scores
Batting: RHB Marcus Semien 0-0: Ball
1-0: Swinging Strike
1-1: Fly out, F9 (Flyball, 89D, EV 93.8 MPH)
Runner from 2nd tags up, SAFE at 3rd, no throw by RF
Batting: LHB Christian Yelich 0-0: Ball
1-0: Ball
2-0: Called Strike
2-1: SINGLE (Line Drive, 6MD, EV 96.3 MPH)
Jose Ramirez scores
Batting: LHB Rafael Devers 0-0: Ball
1-0: Ball
2-0: Foul Ball, location: 2F
2-1: Foul Ball, location: 2F
2-2: Foul Ball, location: 2F
2-2: Ball
3-2: Strikes out looking
Top of the 9th over - 2 runs, 3 hits, 0 errors, 1 left on base; Cleveland 5 - Kansas City 2
BOTTOM OF THE 9TH
Kansas City Royals batting - Pitching for Cleveland Indians : RHP Matt Barnes
Pitching: RHP Kirby Yates
Batting: RHB Nolan Arenado 0-0: Ball
1-0: Called Strike
1-1: Swinging Strike
1-2: Strikes out swinging
Batting: LHB Trent Grisham 0-0: Ball
1-0: Foul Ball, location: 2F
1-1: Ball
2-1: Foul Ball, location: 2F
2-2: Strikes out swinging
Batting: RHB Howie Kendrick 0-0: Called Strike
0-1: Called Strike
0-2: Ball
1-2: Ball
2-2: Ground out 5-3 (Groundball, 56S, EV 75.0 MPH)
Bottom of the 9th over - 0 runs, 0 hits, 0 errors, 0 left on base; Cleveland 5 - Kansas City 2
Wednesday, October 21st, 2020 - OOTP Baseball 21.6 Build 83